 Dungeon Crawl Stone Soup version 0.23-a0-556-g351818a (webtiles) character file.

130 zishaf the Poker (level 5, -3/41 HPs)
             Began as a Merfolk Skald on Dec 10, 2018.
             Slain by a gnoll
             ... wielding a +0 club
              (7 damage)
             ... on level 3 of the Dungeon.
             The game lasted 00:06:00 (3459 turns).

zishaf the Poker (Merfolk Skald)                    Turns: 3459, Time: 00:06:00

Health: -3/41      AC:  6    Str: 13    XL:     5   Next: 13%
Magic:  8/8        EV: 13    Int: 12    God:
Gold:   150        SH:  0    Dex: 13    Spells: 2/8 levels left

rFire    . . .     SeeInvis .   a - +0 spear (pierce)
rCold    . . .     Gourm    .   (no shield)
rNeg     . . .     Faith    .   f - +0 leather armour
rPois    .         Spirit   .   (no helmet)
rElec    .         Reflect  .   (no cloak)
rCorr    .         Harm     .   (no gloves)
MR       .....                  v - +2 pair of boots
Stlth    +.........             e - amulet of inaccuracy (curse)
HPRegen  0.13/turn              (no ring)
MPRegen  0.11/turn              (no ring)

@: infused
A: change form in water, swift swim, stealthy swim
a: no special abilities


You were on level 3 of the Dungeon.
You were not hungry.

You visited 1 branch of the dungeon, and saw 3 of its levels.

You collected 150 gold pieces.

Inventory:

Hand Weapons
 a - a +0 spear of piercing (weapon)
 b - a +2 hunting sling of flaming
Missiles
 m - 63 stones (quivered)
 p - 16 sling bullets
Armour
 f - a +0 leather armour (worn)
 s - a +0 chain mail
 v - a +2 pair of boots (worn)
Jewellery
 e - a cursed amulet of inaccuracy (around neck)
Scrolls
 c - a scroll of amnesia {unknown}
 g - 3 scrolls of magic mapping {unknown}
 h - a scroll of identify {unknown}
 i - a scroll of immolation {unknown}
 k - 4 scrolls of teleportation {unknown}
 o - a scroll of enchant weapon {unknown}
 r - 3 scrolls of remove curse {unknown}
Potions
 j - a potion of might {unknown}
 l - a potion of curing {unknown}
 n - a potion of haste {unknown}
 q - a potion of flight {unknown}
 t - a potion of brilliance {unknown}
Comestibles
 d - 3 rations
 u - 3 chunks of flesh


   Skills:
 + Level 3.1 Fighting
 + Level 4.3 Polearms
 - Level 1.0 Armour
 + Level 3.9 Dodging
 - Level 2.0 Spellcasting
 + Level 4.1 Charms
 + Level 0.2 Necromancy
 + Level 0.6 Translocations


You had 2 spell levels left.
You knew the following spells:

 Your Spells              Type           Power        Failure   Level  Hunger
a - Infusion              Chrm           ##..         6%          1    ##.....
b - Regeneration          Chrm/Necr      #.........   38%         3    ####...
c - Shroud of Golubria    Chrm/Tloc      #.........   21%         2    ###....

Your spell library contained the following spells:

 Spells                   Type           Power        Failure   Level  Hunger
 Song of Slaying          Chrm           ##......     10%         2    ###....
 Magic Dart               Conj           #...         34%         1    ##.....
 Blink                    Tloc           N/A          38%         2    ###....
 Call Imp                 Summ           #.......     45%         2    ###....
 Slow                     Hex            #.......     45%         2    ###....
 Spectral Weapon          Hex/Chrm       #.......     41%         3    ####...
 Conjure Flame            Conj/Fire      #.......     71%         3    ####...
 Mephitic Cloud           Conj/Pois/Air  #.......     71%         3    ####...


Dungeon Overview and Level Annotations

Branches:
Dungeon (3/15)

Altars:
Qazlal


Message History

You miss the gnoll. The gnoll hits you.
Casting: Infusion (safe; 6% risk of failure)
Confirm with . or Enter, or press ? or * to list all spells.
You begin infusing your attacks with magical energy.
The gnoll hits you.
You closely miss the gnoll. The gnoll hits you.
The gnoll hits you with a +0 flail!
You barely miss the gnoll. The gnoll hits you but does no damage.
The gnoll misses you.
You closely miss the gnoll. The gnoll barely misses you.
You miss the gnoll. The gnoll hits you.
* * * LOW HITPOINT WARNING * * *
You miss the gnoll. The gnoll misses you.
Your leather armour prevents you from hitting the gnoll.
You closely miss the gnoll. You barely miss the gnoll.
The gnoll hits you but does no damage.
The gnoll hits you from afar with a +0 spear!
* * * LOW HITPOINT WARNING * * *
The gnoll hits you with a +0 club!
You die...

.........#...#
#.#....#..
.........#...#
#.#....#
.........#.#.#
#.#....#
........#.#.#
#.#..<...
##........#.<
#.#.######
###........#..#
#.#.#
..+........#...
#.#.# ###
#####.##.#
+.....g@.#
######g### #g.#
##g# #g.# ##.#
.. #.. ...


You could see 3 gnolls.

Vanquished Creatures
  5 adders
  4 worms
  A leopard gecko (D:1)
  7 orcs (D:3)
  10 bats
  3 giant cockroaches
  7 goblins
  2 hobgoblins
  4 jackals (D:1)
  3 ball pythons
  9 frilled lizards
  7 kobolds
  8 rats
70 creatures vanquished.

Notes
Turn   | Place    | Note
-------+----------+-------------------------------------------
     0 | D:1      | zishaf the Merfolk Skald began the quest for the Orb.
     0 | D:1      | Reached XP level 1. HP: 16/16 MP: 3/3
   276 | D:1      | Reached skill level 1 in Armour
   276 | D:1      | Reached XP level 2. HP: 22/22 MP: 5/5
   622 | D:1      | Reached XP level 3. HP: 24/28 MP: 6/6
  1647 | D:2      | Learned a level 3 spell: Regeneration
  1650 | D:2      | Learned a level 2 spell: Shroud of Golubria
  1663 | D:2      | Reached XP level 4. HP: 21/34 MP: 7/7
  3185 | D:3      | Reached XP level 5. HP: 30/41 MP: 8/8
  3423 | D:3      | Found a stormy altar of Qazlal.
  3459 | D:3      | Slain by a gnoll

Vault maps used:
D:1:      dpeg_arrival_signposts
D:3:      lemuel_doored_altar, nicolae_qazlal_general_emergency,
          lemuel_coloured_pillars_altar

Skill      XL: |  1  2  3  4 |
---------------+-------------+-----
Armour         | 1 |  1.0
Dodging        | 3 |  3.9
Polearms       | 4 |  4.3
Fighting       | 3 |  3.1
Charms         | 4 |  4.1
Spellcasting   | |  2.0
Necromancy     | |  0.2
Translocations | |  0.6

Action                   |  1- 3 |  4- 6 || total
-------------------------+-------+-------++-------
Melee: Spear             |   150 |   151 ||   301
 Fire: Hunting sling     |       |     7 ||     7
 Cast: Infusion          |       |     1 ||     1
 Stab: Sleeping          |     2 |       ||     2
  Eat: Chunk             |     2 |     6 ||     8
Armor: Leather armour    |    32 |    19 ||    51
Dodge: Dodged            |    67 |    80 ||   147

Table legend:
 A = Non-vault XP
 B = Vault XP
 C = Vault XP percentage of total XP
 D = Non-vault monster count
 E = Vault monster count
 F = Vault count percentage of total count
                 A         B        C        D         E       F
            +---------+---------+-------+---------+---------+-------
      Total |     186 |       0 |   0.0 |      70 |       0 |   0.0
            +---------+---------+-------+---------+---------+-------
        D:1 |      38 |       0 |   0.0 |      23 |       0 |   0.0
        D:2 |      92 |       0 |   0.0 |      28 |       0 |   0.0
        D:3 |      56 |       0 |   0.0 |      19 |       0 |   0.0
            +---------+---------+-------+---------+---------+-------
